 Dungeon Crawl Stone Soup version 0.18-a0-888-gdb73dea (webtiles) character file.

296 dannynannady the Cleaver (level 6, -7/51 HPs)
             Began as a Minotaur Berserker on Dec 23, 2015.
             Was an Initiate of Ru.
             Mangled by Sigmund
             ... wielding a +0 scythe
              (8 damage)
             ... on level 4 of the Dungeon on Dec 24, 2015.
             The game lasted 00:35:31 (4020 turns).

dannynannady the Cleaver (Minotaur Berserker)       Turns: 4020, Time: 00:35:31

Health: -7/51      AC:  6    Str: 24    XL:     6   Next: 12%
Magic:  5/5        EV: 11    Int:  4    God:    Ru [......]
Gold:   175        SH:  0    Dex:  9    Spells: 0 memorised, 5 levels left

rFire  . . .     SeeInvis .     a - +0 hand axe
rCold  . . .     Gourm    .     e - +0 ring mail
rNeg   . . .     Faith    .     (no shield)
rPois  .         Spirit   .     (helmet restricted)
rElec  .         Dismiss  +     k - +0 cloak
rCorr  .         Reflect  .     (no gloves)
SustAt +         Harm     .     (no boots)
MR     .....                    h - amulet of dismissal
Stlth  ..........               (no ring)
                                n - ring of sustain attributes

@: confused, not resistant to hostile enchantments, extremely unstealthy
A: retaliatory headbutt, horns 2
a: Sacrifice Health, Sacrifice Purity, Sacrifice Durability, Reject Sacrifices,
Renounce Religion


You were on level 4 of the Dungeon.
You worshipped Ru.
Ru was noncommittal.
You were full.

You visited 1 branch of the dungeon, and saw 4 of its levels.

You collected 175 gold pieces.

Inventory:

Hand Weapons
 a - a +0 hand axe (weapon)
Armour
 b - a +0 animal skin
 e - a +0 ring mail (worn)
 k - a +0 cloak (worn)
Jewellery
 h - an amulet of dismissal (around neck)
 n - a ring of sustain attributes (left hand)
Wands
 f - a wand of lightning (10/15)
Scrolls
 l - a scroll of magic mapping {unknown}
 p - a scroll of enchant weapon {unknown}
 q - a scroll of fog {unknown}
Potions
 d - a potion of haste
 i - a potion of magic {unknown}
 m - a potion of degeneration {unknown}
 o - a potion of curing {unknown}
Comestibles
 c - a bread ration
 g - 3 fruits
 j - a beef jerky


   Skills:
 - Level 3.6 Fighting
 * Level 8.0 Axes
 + Level 2.9 Armour
 + Level 2.5 Dodging


You had 5 spell levels left.
You didn't know any spells.

Dungeon Overview and Level Annotations

Branches:
Dungeon (4/15)
 Temple: D:4-7

Altars:
Ru

Annotations:
D:4 Edmund, Sigmund


Innate Abilities, Weirdness & Mutations

You reflexively headbutt those who attack you in melee.
You have a pair of horns on your head.


Message History

You start resting.
Something hits you.
* * * LOW HITPOINT WARNING * * *
Something hits you but does no damage.
A magic dart appears from out of thin air!
The magic dart hits you!
* * * LOW HITPOINT WARNING * * *
A magic dart appears from out of thin air!
The magic dart hits you!
* * * LOW HITPOINT WARNING * * *
You see here a club.
You are confused.
You hear some strange, mumbled words.
Something tries to affect you, but you resist.
Something hits you.
* * * LOW HITPOINT WARNING * * *
You start resting.
Something hits you.
* * * LOW HITPOINT WARNING * * *
You start resting.
Something hits you!
You die...

...... ..#
#....#############.#
#...†.............#
..#..############..#
...... #).# ..###..
#..# .#
#...########..####### #
#......<............
#########@..######.
#...# #######...#
..>.......####
.######......# #
#.#.##.# #. #.#.##.# #
#.######.#.##.# .#
##.##.....##.#.##(###.#


There were no monsters in sight!

Vanquished Creatures
  A gnoll sergeant (D:3)
  The ghost of filipzpl the Skirmisher, a weakling GrBe of Trog (D:3)
  Robin (D:3)
  7 adders
  5 gnolls (D:3)
  A giant gecko (D:2)
  5 orcs (D:3)
  5 ball pythons
  5 giant cockroaches
  8 hobgoblins
  7 jackals
  10 bats
  4 giant newts
  10 goblins
  4 kobolds
  8 rats
82 creatures vanquished.

Notes
Turn   | Place    | Note
--------------------------------------------------------------
     0 | D:1      | dannynannady the Minotaur Berserker began the quest for the Orb.
     0 | D:1      | Reached XP level 1. HP: 19/19 MP: 0/0
    82 | D:1      | Reached skill level 4 in Axes
   261 | D:1      | Reached XP level 2. HP: 20/26 MP: 1/1
   973 | D:2      | Reached skill level 5 in Axes
   999 | D:2      | HP: 1/26 [poisoned by an adder]
  1273 | D:2      | Reached XP level 3. HP: 31/31 MP: 2/2
  1341 | D:2      | Reached ** piety under Trog
  2226 | D:3      | Noticed filipzpl's ghost (weakling GrBe)
  2234 | D:3      | Killed filipzpl's ghost
  2234 | D:3      | Reached skill level 6 in Axes
  2234 | D:3      | Reached XP level 4. HP: 39/39 MP: 3/3
  2386 | D:3      | Reached skill level 7 in Axes
  2386 | D:3      | Reached XP level 5. HP: 45/45 MP: 4/4
  3020 | D:3      | Found a faded altar to an unknown god.
  3030 | D:3      | Fell from the grace of Trog
  3030 | D:3      | Became a worshipper of Ru the Awakened
  3064 | D:3      | Noticed Robin
  3072 | D:3      | Killed Robin
  3263 | D:3      | Reached XP level 6. HP: 48/51 MP: 5/5
  3495 | D:3      | Reached skill level 8 in Axes
  3941 | D:4      | Noticed Edmund
  3987 | D:4      | Noticed Sigmund
  4019 | D:4      | HP: 1/51 [something (5)]
  4020 | D:4      | Mangled by Sigmund

Vault maps used:
D:1:      minmay_arrival_stone_box
D:2:      first_bread
D:3:      ecumenical_altar_2, uniq_robin
D:4:      hangedman_decor_diamond_cutter, grunt_ministairs_15, uniq_sigmund,
          uniq_edmund

Action                   |  1- 3 |  4- 6 || total
-------------------------+-------+-------++-------
Melee: Hand axe          |    92 |   102 ||   194
Invok: Berserk           |     3 |     1 ||     4
       Trog's Hand       |       |     2 ||     2
  Use: Potion            |     3 |     1 ||     4
       Scroll            |     1 |       ||     1
  Eat: Chunk             |     6 |     2 ||     8
       Bread ration      |       |     3 ||     3
